 Dungeon Crawl Stone Soup version 0.26.1-11-gd32895ea62 (webtiles) character file.

Game seed: 1344423258008655577

71 summerfriday the Stinger (level 4, -2/30 HPs)
             Began as a Demonspawn Venom Mage on July 5, 2021.
             Slain by a gnoll
             ... wielding a +0 flail
              (7 damage)
             ... on level 1 of the Dungeon.
             The game lasted 00:04:59 (3708 turns).

summerfriday the Stinger (Demonspawn Venom Mage)    Turns: 3708, Time: 00:05:00

Health: -2/30      AC:  2    Str:  8    XL:     4   Next: 5%
Magic:  3/7        EV: 12    Int: 18    God:
Gold:   99         SH:  5    Dex: 13    Spells: 2/7 levels left

rFire    . . .     SeeInvis .   k - +0 quarterstaff
rCold    . . .     Faith    .   (shield currently unavailable)
rNeg     . . .     Spirit   .   a - +0 robe
rPois    .         Reflect  +   (helmet restricted)
rElec    .         Harm     .   (no cloak)
rCorr    .         Rampage  .   (no gloves)
Will     .....                  (no boots)
Stlth    ++........             i - amulet of reflection
HPRegen  0.10/turn              (no ring)
MPRegen  0.10/turn              (no ring)

@: brilliant, lethally poisoned (-2 -> -6), attractive, very slightly
contaminated, hasted, very quick
A: antennae 1, powered by pain 2
a: no special abilities


You were on level 1 of the Dungeon.
You visited 1 branch of the dungeon, and saw 3 of its levels.

You collected 99 gold pieces.

Inventory:

Hand Weapons
 h - a +0 hand axe
 k - a +0 quarterstaff (weapon)
Missiles
 j - 5 javelins
Armour
 a - a +0 robe (worn)
 b - a +1 kite shield
Jewellery
 i - an amulet of reflection (around neck)
Potions
 f - a potion of brilliance
 g - a potion of resistance {unknown}


   Skills:
 - Level 1.7 Dodging
 - Level 1.7 Stealth
 - Level 1.7 Shields
 - Level 2.0 Spellcasting
 - Level 0.8 Transmutations
 + Level 4.4 Poison Magic


You had 2 spell levels left.
You knew the following spells:

 Your Spells              Type           Power        Failure   Level
a - Sting                 Tmut/Pois      64%          6%          1
b - Olgreb's Toxic Radia  Pois           26%          28%         4

Your spell library contained the following spells:

 Spells                   Type           Power        Failure   Level
 Poisonous Vapours        Pois/Air       28%          11%         2
 Ignite Poison            Fire/Tmut/Pois 12%          26%         3
 Mephitic Cloud           Conj/Pois/Air  10%          30%         3


Dungeon Overview and Level Annotations

Branches:
Dungeon (3/15)

Altars:


Innate Abilities, Weirdness & Mutations

You have a pair of small antennae on your head.
You sometimes gain power by taking damage.


Message History

The spell is extremely dangerous to cast (28% risk of failure)!
Continue anyway?
You miscast Olgreb's Toxic Radiance.
You are very lightly contaminated with residual magic.
You feel odd!
You are poisoned.
* * * LOW HITPOINT WARNING * * *
You feel sick. The gnoll closely misses you.
The gnoll hits you with a +0 halberd.
* * * LOW HITPOINT WARNING * * *
Unknown command.
It was a potion of haste.
You feel yourself speed up. The gnoll misses you. You block the gnoll's attack.
It was a potion of attraction.
You feel attractive to monsters.
* * * LOW HITPOINT WARNING * * *
You feel sick.
It was a potion of brilliance.
You feel clever all of a sudden. The gnoll hits you with a +0 flail!
You die...

# ##.########## #.# #.# #.# ####
#[# ##.## ...# ##'## #...# ##.#
##((.## #.#.# ##.# ##.....##
###...# .#.# ##.......## ##.###.#
#
...###....(....####...##.########
....('...)>)..rg@g...............
...###.........####..)##.########
[..# ##.......## ##.###.# # ####
##..)..## ####..# # ##...## #.##
# ##'## #.# # #.# #.# #
#######.### #.# #### #.........#
#.# #...


You could see 2 gnolls and a rat.

Vanquished Creatures
  An adder (D:3)
  A worm (D:2)
  3 dart slugs
  2 leopard geckos (D:1)
  3 orcs
  5 bats
  3 giant cockroaches
  7 hobgoblins
  2 jackals (D:1)
  A ball python (D:1)
  7 frilled lizards
  5 goblins
  A kobold (D:1)
  A quokka skeleton (D:3)
  6 rats
48 creatures vanquished.

Notes
Turn   | Place    | Note
-------+----------+-------------------------------------------
     0 | D:1      | summerfriday the Demonspawn Venom Mage began the quest for
                  | the Orb.
     0 | D:1      | Reached XP level 1. HP: 13/13 MP: 3/3
   698 | D:1      | Gained mutation: You sometimes gain a little power by
                  | taking damage. [demonic ancestry]
   698 | D:1      | Reached XP level 2. HP: 17/19 MP: 1/5
   789 | D:1      | Reached skill level 1 in Shields
  1523 | D:1      | Gained mutation: You have a pair of small antennae on your
                  | head. [demonic ancestry]
  1523 | D:1      | Reached XP level 3. HP: 17/24 MP: 3/6
  2624 | D:2      | Reached skill level 4 in Poison Magic
  3417 | D:3      | Gained mutation: You sometimes gain power by taking damage.
                  | [demonic ancestry]
  3417 | D:3      | Reached XP level 4. HP: 14/30 MP: 2/7
  3578 | D:3      | Learned a level 4 spell: Olgreb's Toxic Radiance
  3708 | D:1      | Slain by a gnoll

Illustrated notes

Levels and vault maps discovered:
D:1:      wander_arrival_abandoned_jail, layout_loops_corners,
          minmay_misc_feat_tower
D:2:      layout_loops_ring, hangedman_glass_teeth, guppyfry_early_orc_mine
D:3:      layout_rooms

Skill      XL: |  1  2  3 |
---------------+----------+-----
Shields        | 1 |  1.7
Poison Magic   | 4 |  4.4
Dodging        | |  1.7
Stealth        | |  1.7
Spellcasting   | |  2.0
Transmutations | |  0.8

Action                   |  1- 3 |  4- 6 || total
-------------------------+-------+-------++-------
Melee: Club              |   109 |       ||   109
       Unarmed           |     5 |       ||     5
       Quarterstaff      |    21 |    10 ||    31
       Hand axe          |    18 |       ||    18
 Cast: Sting             |    32 |       ||    32
  Use: Scroll            |     3 |       ||     3
       Potion            |       |     3 ||     3
Armor: Robe              |    27 |     1 ||    28
       Scale mail        |    69 |       ||    69
Dodge: Dodged            |   146 |    10 ||   156
Block: Kite shield       |     7 |       ||     7
       Other             |     7 |     5 ||    12
